 Dungeon Crawl Stone Soup version 0.25-a0-310-g60f0ac2 (webtiles) character file.

Game seed: 6773117295367675746, levelgen mode: deterministic

26 Blackhawk the Skirmisher (level 3, 29/29 HPs)
             Began as a Formicid Abyssal Knight on Dec 23, 2019.
             Was a Follower of Lugonu.
             Quit the game on level 1 of the Dungeon.
             The game lasted 00:01:21 (1154 turns).

Blackhawk the Skirmisher (Formicid Abyssal Knight)  Turns: 1154, Time: 00:01:22

Health: 29/29      AC:  2    Str: 17    XL:     3   Next: 22%
Magic:  4/4        EV: 11    Int: 11    God:    Lugonu [*.....]
Gold:   56         SH:  0    Dex: 10    Spells: 2/2 levels left

rFire    . . .     SeeInvis +   a - +1 hand axe
rCold    . . .     Gourm    .   (no shield)
rNeg     . . .     Faith    .   b - +0 leather armour
rPois    .         Spirit   .   (helmet unavailable)
rElec    .         Reflect  .   (no cloak)
rCorr    .         Harm     .   o - -2 pair of gloves (curse)
MR       .....                  (no boots)
Stlth    +.........             (no amulet)
HPRegen  0.09/turn              (no ring)
MPRegen  0.09/turn              (no ring)

@: no status effects
A: permanent stasis, dig shafts and tunnels, four strong arms, antennae 3
a: Dig, Shaft Self, Depart the Abyss, Renounce Religion


You were on level 1 of the Dungeon.
You worshipped Lugonu.
Lugonu was aware of your devotion.
You were not hungry.

You visited 1 branch of the dungeon, and saw 1 of its levels.
You visited the Abyss 1 time.

You collected 56 gold pieces.

Inventory:

Hand Weapons
 a - a +1 hand axe (weapon)
Armour
 b - a +0 leather armour (worn)
 o - a cursed -2 pair of gloves (worn)
Scrolls
 d - a scroll of enchant weapon {unknown}
 e - a scroll of teleportation {unknown}
 g - a scroll of random uselessness {unknown}
 k - a scroll of enchant armour {unknown}
Potions
 f - a potion of ambrosia {unknown}
 h - a potion of haste {unknown}
 j - 3 potions of heal wounds {unknown}
 l - a potion of curing {unknown}
 m - a potion of berserk rage {unknown}
 n - a potion of flight {unknown}
Comestibles
 c - 4 rations
 i - a chunk of flesh


   Skills:
 + Level 3.6 Fighting
 + Level 2.3 Axes
 + Level 2.5 Armour
 + Level 1.3 Dodging
 + Level 2.6 Invocations


You had 2 spell levels left.
You didn't know any spells.
Your spell library was empty.

Dungeon Overview and Level Annotations

Branches:
Dungeon (1/15)

Altars:


Innate Abilities, Weirdness & Mutations

You cannot be hasted, slowed, berserked, paralysed or teleported.
You can dig through walls and to a lower floor.
Your four strong arms can wield two-handed weapons with a shield.
You have a pair of large antennae on your head. (SInv)


Message History

The slug dart hits you.
You hit the dart slug.
The dart slug is almost dead.
You hit the dart slug.
You kill the dart slug!
Lugonu accepts your kill.
No target in view!
No target in view!
No target in view!
No target in view!
Okay, then.
Some of the chunks of flesh in your inventory have rotted away.
Eating one of 2 chunks of flesh.
You eat one of the 2 chunks of flesh.
This raw flesh tastes terrible.
There is an open door here.
There is a staircase leading out of the dungeon here.
You open the door.
There is an open door here.
Key pressed, stopping explore.
Are you sure you want to abandon this character and quit the game? (Confirm with "yes".)

.#...#.#...#...##...##...##...#
.....#.#...#........##........#
.##....#...#'......####......'##
.##..###....########..########.#
.#.............##.......# #.#
.#...#####....>##.##..#.# #.#
........................# ##.#
.#.#######.####.#.###.### #..#
.#........).....@.......# ##.##
.#.########.###.#.####### #...#
.#.# #.# #.#.# #.#.# ##.# ###.#
#.#.# #รท#.# .### #...# #.#.#
### #.#.# .# ####.#.# #..(.
..#####.#.# .# #....#.# ###.#
#.#.....#.# .### #.####.### #.#
#.#.#####.# ...#
#.####...###.####.#.#####.#


There were no monsters in sight!

Vanquished Creatures
  2 dart slugs (D:1)
  A leopard gecko (D:1)
  A ball python (D:1)
  2 giant cockroaches (D:1)
  3 goblins (D:1)
  A hobgoblin (D:1)
  2 jackals (D:1)
  3 bats (D:1)
  2 frilled lizards (D:1)
  A kobold (D:1)
  A rat (D:1)
19 creatures vanquished.

Notes
Turn   | Place    | Note
-------+----------+-------------------------------------------
     0 | Abyss:1  | Blackhawk the Formicid Abyssal Knight began the quest for
                  | the Orb.
     0 | Abyss:1  | Reached XP level 1. HP: 18/18 MP: 2/2
    30 | Abyss:1  | Noticed a crystal guardian
    66 | Abyss:1  | Noticed a large abomination
    70 | Abyss:1  | Found a corrupted altar of Lugonu.
    74 | D:1      | Escaped the Abyss
    85 | D:1      | Reached skill level 1 in Dodging
   351 | D:1      | Reached XP level 2. HP: 24/24 MP: 3/3
   830 | D:1      | Reached * piety under Lugonu
   830 | D:1      | Reached XP level 3. HP: 27/29 MP: 4/4
  1154 | D:1      | Quit the game

Levels and vault maps discovered:
D:1:      minmay_arrival_four_loops, layout_basic

Skill      XL: |  1 |
---------------+----+-----
Dodging        | 1 |  1.3
Fighting       | |  3.6
Axes           | |  2.3
Armour         | |  2.5
Invocations    | |  2.6

Action                   || total
-------------------------++-------
Melee: Hand axe          ||    54
Invok: Depart the Abyss  ||     1
  Eat: Chunk             ||     1
Armor: Leather armour    ||    17
Dodge: Dodged            ||    40

Table legend:
 A = Non-vault XP
 B = Vault XP
 C = Vault XP percentage of total XP
 D = Non-vault monster count
 E = Vault monster count
 F = Vault count percentage of total count
                 A         B        C        D         E       F
            +---------+---------+-------+---------+---------+-------
      Total |      38 |       0 |   0.0 |      19 |       0 |   0.0
            +---------+---------+-------+---------+---------+-------
        D:1 |      38 |       0 |   0.0 |      19 |       0 |   0.0
            +---------+---------+-------+---------+---------+-------
